TOP OF THE 1ST |
Montreal Expos batting - Pitching for Boston Red Sox : RHP Jeremy Hernandez
|
Pitching: RHP Jeremy Hernandez
|
|
Batting: LHB Bill McGregor
|
0-0: Called Strike 0-1: Swinging Strike 0-2: Ball 1-2: Fly out, F7 (Flyball, 78M, EV 94.4 MPH)
|
Batting: LHB Mark Marvin
|
0-0: Foul Ball, location: 2F 0-1: Ball 1-1: Ball 2-1: Swinging Strike 2-2: Ground out 4-3 (Groundball, 4S, EV 68.1 MPH)
|
Batting: SHB Joey Pacheco
|
0-0: Called Strike 0-1: Ball 1-1: Ball 2-1: Ball 3-1: Foul Ball, location: 2F 3-2: Foul Ball, location: 2F 3-2: Strikes out swinging
|
Top of the 1st over - 0 runs, 0 hits, 0 errors, 0 left on base; Montreal 0 - Boston 0 |
BOTTOM OF THE 1ST |
Boston Red Sox batting - Pitching for Montreal Expos : RHP Steve Barrett
|
Pitching: RHP Steve Barrett
|
|
Batting: RHB Alois Wollf
|
0-0: Ball 1-0: DOUBLE (Flyball, 8LXD, EV 90.6 MPH)
|
Batting: LHB Kevin McCormic Jr.
|
0-0: SINGLE (Line Drive, 4MD, EV 95.0 MPH) Alois Wollf to third Runner from 3rd tries for Home, SAFE, throw by CF to home
|
Batting: RHB David Price Jr.
|
0-0: Foul Ball, location: 2F 0-1: Called Strike 0-2: Ball 1-2: Fielders Choice at 2nd, 1-4 (Groundball, 15, EV 68.8 MPH)
|
Batting: LHB Jarrett Mordecai
|
0-0: Ball David Price Jr. steals 2nd base (no throw) 1-0: Called Strike 1-1: Foul Ball, location: 2F 1-2: Hit by Pitch
|
Batting: LHB Sakae Kasahara
|
0-0: Called Strike 0-1: Ball 1-1: Ball 2-1: Ball 3-1: Base on Balls David Price Jr. to third Jarrett Mordecai to second
|
Batting: RHB Elijah Campbell
|
0-0: Called Strike 0-1: Swinging Strike 0-2: Foul Ball, location: 2F 0-2: Ball 1-2: Grounds into double play, 6-4-3 (Groundball, 6, EV 80.6 MPH)
|
Bottom of the 1st over - 1 run, 2 hits, 0 errors, 2 left on base; Montreal 0 - Boston 1 |
TOP OF THE 2ND |
Montreal Expos batting - Pitching for Boston Red Sox : RHP Jeremy Hernandez
|
Batting: LHB Austin Ohmer
|
0-0: Swinging Strike 0-1: Called Strike 0-2: Ground out 4-3 (Groundball, 4, EV 90.6 MPH)
|
Batting: RHB Steve French
|
0-0: Ball 1-0: Fly out, F9 (Flyball, 9, EV 91.9 MPH)
|
Batting: LHB Steve Anderson
|
0-0: Swinging Strike 0-1: Swinging Strike 0-2: Ball 1-2: Strikes out looking
|
Top of the 2nd over - 0 runs, 0 hits, 0 errors, 0 left on base; Montreal 0 - Boston 1 |
BOTTOM OF THE 2ND |
Boston Red Sox batting - Pitching for Montreal Expos : RHP Steve Barrett
|
Batting: RHB Nick Esteves
|
0-0: Ground out 5-3 (Groundball, 5S, EV 73.8 MPH)
|
Batting: RHB Mike McElroy
|
0-0: Ball 1-0: Ball 2-0: Swinging Strike 2-1: Ball 3-1: Swinging Strike 3-2: Base on Balls
|
Batting: SHB Greg Shaw
|
0-0: Ball 1-0: Ball 2-0: Called Strike 2-1: Ball 3-1: Called Strike 3-2: Ground out 4-3 (Groundball, 34, EV 107.5 MPH) Mike McElroy to second
|
Batting: RHB Alois Wollf
|
0-0: Ground out 6-3 (Groundball, 6, EV 76.9 MPH)
|
Bottom of the 2nd over - 0 runs, 0 hits, 0 errors, 1 left on base; Montreal 0 - Boston 1 |
TOP OF THE 3RD |
Montreal Expos batting - Pitching for Boston Red Sox : RHP Jeremy Hernandez
|
Batting: RHB John Ham
|
0-0: Called Strike 0-1: Ball 1-1: Ball 2-1: Ball 3-1: SINGLE (Groundball, 6MD, EV 103.8 MPH) (infield hit)
|
Batting: SHB Lou Kroneman
|
0-0: Foul Ball, location: 2F 0-1: Ball 1-1: Swinging Strike 1-2: Ball 2-2: Ball 3-2: Fly out, F8 (Flyball, 8RD, EV 103.8 MPH)
|
Batting: RHB Tommy Mize
|
0-0: Ball 1-0: Grounds into double play, 6-4-3 (Groundball, 6, EV 92.5 MPH)
|
Top of the 3rd over - 0 runs, 1 hit, 0 errors, 0 left on base; Montreal 0 - Boston 1 |
BOTTOM OF THE 3RD |
Boston Red Sox batting - Pitching for Montreal Expos : RHP Steve Barrett
|
Batting: LHB Kevin McCormic Jr.
|
0-0: Ball 1-0: Ball 2-0: Ball 3-0: Base on Balls
|
Batting: RHB David Price Jr.
|
0-0: Called Strike 0-1: Ball 1-1: Swinging Strike 1-2: Strikes out looking
|
Batting: LHB Jarrett Mordecai
|
0-0: Ball 1-0: Ball 2-0: Ball 3-0: Called Strike 3-1: Base on Balls Kevin McCormic Jr. to second
|
Batting: LHB Sakae Kasahara
|
0-0: Called Strike 0-1: Called Strike 0-2: Strikes out swinging
|
Batting: RHB Elijah Campbell
|
0-0: Fly out, F7 (Flyball, 7D, EV 83.8 MPH)
|
Bottom of the 3rd over - 0 runs, 0 hits, 0 errors, 2 left on base; Montreal 0 - Boston 1 |
TOP OF THE 4TH |
Montreal Expos batting - Pitching for Boston Red Sox : RHP Jeremy Hernandez
|
Batting: LHB Bill McGregor
|
0-0: Ground out 5-3 (Groundball, 5, EV 86.9 MPH)
|
Batting: LHB Mark Marvin
|
0-0: Ball 1-0: DOUBLE (Flyball, 89XD, EV 96.9 MPH)
|
Batting: SHB Joey Pacheco
|
0-0: Called Strike 0-1: Ball 1-1: Fly out, F7 (Flyball, 7S, EV 80.0 MPH)
|
Batting: LHB Austin Ohmer
|
0-0: Ball 1-0: Ball 2-0: Swinging Strike 2-1: Foul Ball, location: 2F 2-2: Strikes out swinging
|
Top of the 4th over - 0 runs, 1 hit, 0 errors, 1 left on base; Montreal 0 - Boston 1 |
BOTTOM OF THE 4TH |
Boston Red Sox batting - Pitching for Montreal Expos : RHP Steve Barrett
|
Batting: RHB Nick Esteves
|
0-0: Swinging Strike 0-1: Ground out 6-3 (Groundball, 56, EV 90.0 MPH)
|
Batting: RHB Mike McElroy
|
0-0: Swinging Strike 0-1: Ball 1-1: Fly out, F2 (Popup, 2RF, EV 86.9 MPH)
|
Batting: SHB Greg Shaw
|
0-0: Ball 1-0: Fly out, F9 (Line Drive, 89M, EV 102.5 MPH)
|
Bottom of the 4th over - 0 runs, 0 hits, 0 errors, 0 left on base; Montreal 0 - Boston 1 |
TOP OF THE 5TH |
Montreal Expos batting - Pitching for Boston Red Sox : RHP Jeremy Hernandez
|
Batting: RHB Steve French
|
0-0: Foul Ball, location: 2F 0-1: Swinging Strike 0-2: Fly out, F7 (Flyball, 78XD, EV 94.4 MPH)
|
Batting: LHB Steve Anderson
|
0-0: Ball 1-0: Foul Ball, location: 2F 1-1: Foul Ball, location: 2F 1-2: Foul Ball, location: 2F 1-2: Ball 2-2: Ball 3-2: Strikes out looking
|
Batting: RHB John Ham
|
0-0: Foul Ball, location: 2F 0-1: Swinging Strike 0-2: Strikes out looking
|
Top of the 5th over - 0 runs, 0 hits, 0 errors, 0 left on base; Montreal 0 - Boston 1 |
BOTTOM OF THE 5TH |
Boston Red Sox batting - Pitching for Montreal Expos : RHP Steve Barrett
|
Batting: RHB Alois Wollf
|
0-0: Ball 1-0: Called Strike 1-1: SINGLE (Line Drive, 34D, EV 110.0 MPH)
|
Batting: LHB Kevin McCormic Jr.
|
0-0: Called Strike Alois Wollf steals 2nd base 0-1: Called Strike 0-2: Ball 1-2: Strikes out swinging
|
Batting: RHB David Price Jr.
|
0-0: Ball 1-0: Ball 2-0: Reached on error, E4 (Groundball, 4, EV 76.9 MPH) Alois Wollf to third
|
Batting: LHB Jarrett Mordecai
|
0-0: Ball 1-0: SINGLE (Groundball, 34, EV 99.4 MPH) Alois Wollf scores David Price Jr. to second Runner from 2nd tries for 3rd, SAFE, throw by RF made to third
|
Batting: LHB Sakae Kasahara
|
0-0: Called Strike 0-1: Swinging Strike 0-2: Ball 1-2: Strikes out swinging
|
Batting: RHB Elijah Campbell
|
0-0: Called Strike 0-1: Swinging Strike 0-2: Foul Ball, location: 2F 0-2: Strikes out swinging
|
Bottom of the 5th over - 1 run, 2 hits, 1 error, 2 left on base; Montreal 0 - Boston 2 |
TOP OF THE 6TH |
Montreal Expos batting - Pitching for Boston Red Sox : RHP Jeremy Hernandez
|
Batting: SHB Lou Kroneman
|
0-0: Ground out 4-3 (Groundball, 34, EV 103.8 MPH)
|
Batting: RHB Tommy Mize
|
0-0: Called Strike 0-1: Foul Ball, location: 2F 0-2: Strikes out looking
|
Batting: LHB Bill McGregor
|
0-0: Ball 1-0: Foul Ball, location: 2F 1-1: Called Strike 1-2: Ball 2-2: Strikes out looking
|
Top of the 6th over - 0 runs, 0 hits, 0 errors, 0 left on base; Montreal 0 - Boston 2 |
BOTTOM OF THE 6TH |
Boston Red Sox batting - Pitching for Montreal Expos : RHP Steve Barrett
|
Batting: RHB Nick Esteves
|
0-0: Foul Ball, location: 2F 0-1: Fly out, F7 (Flyball, 7, EV 82.5 MPH)
|
Batting: RHB Mike McElroy
|
0-0: Ball 1-0: Foul Ball, location: 2F 1-1: Fly out, F8 (Flyball, 8LD, EV 104.4 MPH)
|
Batting: SHB Greg Shaw
|
0-0: Fly out, F9 (Flyball, 89S, EV 93.8 MPH)
|
Bottom of the 6th over - 0 runs, 0 hits, 0 errors, 0 left on base; Montreal 0 - Boston 2 |
TOP OF THE 7TH |
Montreal Expos batting - Pitching for Boston Red Sox : RHP Jeremy Hernandez
|
Batting: LHB Mark Marvin
|
0-0: Ball 1-0: Fly out, F8 (Flyball, 8RM, EV 81.9 MPH)
|
Batting: SHB Joey Pacheco
|
0-0: Ball 1-0: Ground out 6-3 (Groundball, 6M, EV 103.1 MPH)
|
Batting: LHB Austin Ohmer
|
0-0: Fly out, F4 (Flyball, 34D, EV 87.5 MPH)
|
Top of the 7th over - 0 runs, 0 hits, 0 errors, 0 left on base; Montreal 0 - Boston 2 |
BOTTOM OF THE 7TH |
Boston Red Sox batting - Pitching for Montreal Expos : RHP Steve Barrett
|
Batting: RHB Alois Wollf
|
0-0: Ball 1-0: Ball 2-0: Called Strike 2-1: Foul Ball, location: 2F 2-2: Ground out 6-3 (Groundball, 6, EV 86.2 MPH)
|
Batting: LHB Kevin McCormic Jr.
|
0-0: Ball 1-0: Swinging Strike 1-1: Ball 2-1: Called Strike 2-2: Ground out U3 (Groundball, 3, EV 80.6 MPH)
|
Batting: RHB David Price Jr.
|
0-0: Called Strike 0-1: Called Strike 0-2: Foul Ball, location: 2F 0-2: Foul Ball, location: 2F 0-2: Strikes out swinging
|
Bottom of the 7th over - 0 runs, 0 hits, 0 errors, 0 left on base; Montreal 0 - Boston 2 |
TOP OF THE 8TH |
Montreal Expos batting - Pitching for Boston Red Sox : RHP Jeremy Hernandez
|
DELAY
|
Rain delay of 54 minutes in the 8th inning.
|
Pitching: LHP Danny Schneible
|
|
Now at 1B: Kevin McCormic Jr.
|
|
Now at 2B: Elijah Campbell
|
|
Now at 3B: David Price Jr.
|
|
Now in LF: Jose Diaz
|
|
Now in RF: Joe Sandoval
|
|
Batting: RHB Steve French
|
0-0: Ball 1-0: Ball 2-0: Called Strike 2-1: Fly out, F7 (Flyball, 7, EV 93.8 MPH)
|
Pinch Hitting: RHB Tommie Eaton
|
0-0: Ball 1-0: Ball 2-0: Foul Ball, location: 2F 2-1: Ball 3-1: Base on Balls
|
Batting: RHB John Ham
|
0-0: Reached on error, E4 (Groundball, 4, EV 105.6 MPH) Tommie Eaton to second
|
Batting: SHB Lou Kroneman
|
0-0: Called Strike 0-1: Swinging Strike 0-2: Strikes out looking
|
Batting: RHB Tommy Mize
|
0-0: Fly out, F8 (Line Drive, 8RM, EV 111.2 MPH)
|
Top of the 8th over - 0 runs, 0 hits, 1 error, 2 left on base; Montreal 0 - Boston 2 |
BOTTOM OF THE 8TH |
Boston Red Sox batting - Pitching for Montreal Expos : RHP Steve Barrett
|
Pitching: RHP Joel Montenegro
|
|
Now at 3B: Tommie Eaton
|
|
Batting: RHB Jose Diaz
|
0-0: Fly out, F8 (Flyball, 8RM, EV 83.8 MPH)
|
Batting: LHB Sakae Kasahara
|
0-0: Ball 1-0: Ball 2-0: SOLO HOME RUN (Flyball, 7D, EV 101.2 MPH), Distance : 396 ft
|
Batting: RHB Elijah Campbell
|
0-0: Ball 1-0: Ball 2-0: Called Strike 2-1: Swinging Strike 2-2: Strikes out swinging
|
Batting: RHB Nick Esteves
|
0-0: Called Strike 0-1: Ball 1-1: Ball 2-1: Foul Ball, location: 2F 2-2: Foul Ball, location: 2F 2-2: Ground out 6-3 (Groundball, 56D, EV 80.0 MPH)
|
Bottom of the 8th over - 1 run, 1 hit, 0 errors, 0 left on base; Montreal 0 - Boston 3 |
TOP OF THE 9TH |
Montreal Expos batting - Pitching for Boston Red Sox : LHP Danny Schneible
|
Pitching: RHP Guadalupe Vasguez
|
|
Batting: LHB Bill McGregor
|
0-0: Called Strike 0-1: Ball 1-1: Fly out, F8 (Flyball, 8RS, EV 84.4 MPH)
|
Batting: LHB Mark Marvin
|
0-0: Foul Ball, location: 2F 0-1: Ball 1-1: Ball 2-1: DOUBLE (Line Drive, 8RXD, EV 108.1 MPH)
|
Batting: SHB Joey Pacheco
|
0-0: Ball 1-0: Ball 2-0: Foul Ball, location: 2F 2-1: Called Strike 2-2: Foul Ball, location: 2F 2-2: Strikes out looking
|
Batting: LHB Austin Ohmer
|
0-0: Ball 1-0: Ball 2-0: Ball 3-0: Called Strike 3-1: Base on Balls
|
Batting: RHB Steve French
|
0-0: Called Strike 0-1: Called Strike 0-2: Foul Ball, location: 2F 0-2: Ground out 5-3 (Groundball, 56S, EV 86.2 MPH)
|
Top of the 9th over - 0 runs, 1 hit, 0 errors, 2 left on base; Montreal 0 - Boston 3 |
|